Map: Ruins of Seras

Players

Shura (Scarlett)

  • Race: Zerg Zerg
  • League: Master

LiquidTLO (TLO) - Winner!

  • Race: Zerg Zerg
  • League: Grandmaster

Event: DreamHack ZOWIE Open Leipzig

VOD

Have the link to the VOD?

Description

Time

  • Played on: Jan. 22, 2016, 10:57 a.m.
  • Length: 11:47

All games in this series

Show
View Real Time Build Order
Export as new Build Order

Shura Zerg 

Build Orders: Hatch First 

Get SALT Encoding   

  12  0:00  Drone  
  13  0:08  Drone  
  14  0:18  Overlord  
  14  0:21  Extractor  
  14  0:23  Drone  
  15  0:36  Drone x2  
  17  0:52  Hatchery  
  17  0:55  Drone  
  17  1:00  Drone  
  18  1:13  Spawning Pool  
  18  1:16  Drone  
  18  1:19  Extractor  
  18  1:20  Drone  
  18  1:27  Drone  
  19  1:38  Overlord  
  19  1:50  Drone  
  20  1:59  Drone  
  20  2:00  Queen  
  23  2:04  Drone, Queen  
  26  2:09  Drone  
  26  2:15  Drone  
  28  2:19  Metabolic Boost  
  28  2:22  Drone  
  29  2:26  Drone  
  30  2:31  Drone  
  30  2:35  Queen  
  33  2:40  Overlord  
  33  2:41  Drone  
  34  2:52  Hatchery  
  34  2:58  Baneling Nest  
  32  2:59  Zergling x2  
  32  3:01  Zergling x2  
  32  3:04  Drone  
  35  3:06  Drone  
  35  3:09  Drone  
  35  3:11  Drone  
  38  3:13  Drone  
  38  3:15  Drone  
  38  3:18  Drone  
  41  3:22  Overlord  
  41  3:26  Drone  
  41  3:27  Drone  
  43  3:31  Overlord  
  43  3:33  Drone  
  44  3:40  Overlord  
  44  3:41  Baneling x2  
  44  3:43  Zergling x6  
  44  3:46  Baneling x2  
  44  3:47  Zergling x2  
  48  3:53  Extractor, Zergling x2  
  48  3:54  Evolution Chamber  
  47  4:07  Hatchery, Lair, Drone  
  47  4:08  Drone x3  
  51  4:15  Drone x2  
  53  4:19  Extractor  
  51  4:31  Drone  
  51  4:32  Drone  
  51  4:33  Drone  
  51  4:35  Zerg Melee Weapons Level 1  
  51  4:37  Drone  
  55  4:45  Drone x2  
  56  4:47  Extractor  
  56  4:54  Drone  
  56  4:59  Drone  
  60  5:00  Drone x3  
  60  5:08  Drone  
  60  5:10  Spire  
  60  5:15  Overseer  
  60  5:16  Overlord, Drone  
  60  5:17  Drone  
  62  5:22  Drone x3  
  62  5:25  Extractor  
  62  5:27  Drone x2, Extractor, Queen  
  62  5:28  Overlord  
  67  5:31  Hatchery  
  67  5:32  Zergling x6  
  69  5:39  Overlord  
  69  5:49  Drone  
  67  5:50  Drone x4  
  71  5:58  Drone  
  71  5:59  Drone x4  
  71  6:01  Spine Crawler x3  
  71  6:02  Spine Crawler  
  68  6:04  Queen  
  63  6:23  Mutalisk  
  70  6:25  Baneling x2  
  72  6:33  Mutalisk  
  72  6:34  Mutalisk x2  
  72  6:37  Mutalisk  
  80  6:43  Mutalisk  
  80  6:46  Mutalisk x4  
  77  6:55  Mutalisk x2  
  77  7:02  Mutalisk  
  77  7:07  Zergling x6  
  78  7:13  Mutalisk  
  77  7:17  Zergling x6  
  77  7:20  Queen  
  83  7:23  Overlord  
  78  7:38  Mutalisk x2  
  77  7:46  Mutalisk  
  77  7:51  Mutalisk  
  79  7:59  Zergling x8  
  79  8:02  Spine Crawler  
  73  8:37  Hatchery  
  73  8:39  Hatchery  
  69  8:50  Hatchery  
  64  9:56  Mutalisk  
  64  10:07  Drone x4  
  64  10:11  Queen  
  70  10:18  Drone  
  70  10:19  Drone  
  72  10:31  Mutalisk  
  74  10:36  Drone x3  
  74  10:40  Drone x3, Extractor  
  74  10:41  Queen  
  81  10:47  Drone x3  
  84  10:59  Drone x3  
  84  11:00  Hatchery  
  86  11:05  Mutalisk x2  
  90  11:13  Overlord x2  
Show
View Real Time Build Order
Export as new Build Order

LiquidTLO Zerg - Winner!

Build Orders: Hatch First 

Get SALT Encoding   

  12  0:01  Drone  
  13  0:13  Overlord  
  13  0:17  Drone  
  14  0:31  Drone x2  
  14  0:35  Drone  
  17  0:55  Hatchery  
  17  0:57  Drone  
  17  1:09  Spawning Pool  
  16  1:13  Drone  
  16  1:17  Drone  
  18  1:19  Extractor  
  17  1:26  Drone  
  18  1:34  Drone  
  19  1:46  Overlord  
  19  1:56  Queen  
  21  2:02  Drone  
  21  2:05  Drone  
  21  2:07  Drone, Queen  
  26  2:12  Drone  
  27  2:18  Metabolic Boost  
  27  2:20  Drone  
  28  2:24  Overlord  
  28  2:29  Drone  
  29  2:33  Drone  
  30  2:40  Drone  
  30  2:44  Drone, Baneling Nest  
  31  2:51  Drone  
  32  3:02  Hatchery  
  32  3:05  Zergling x4  
  32  3:06  Zergling x2  
  32  3:08  Zergling x2  
  35  3:16  Zergling x8  
  35  3:19  Zergling x2  
  40  3:23  Overlord  
  40  3:25  Drone  
  41  3:29  Drone  
  41  3:32  Drone  
  43  3:40  Drone  
  44  3:43  Evolution Chamber, Drone x2  
  44  3:45  Drone  
  44  3:46  Baneling x2  
  44  3:47  Drone  
  47  3:51  Drone  
  47  3:53  Drone  
  49  3:55  Drone  
  49  3:56  Drone  
  49  3:59  Drone  
  50  4:07  Overlord  
  50  4:08  Extractor  
  48  4:11  Roach Warren  
  48  4:12  Zerg Missile Weapons Level 1  
  48  4:14  Zergling x2  
  48  4:17  Zergling x2  
  48  4:20  Zergling x2  
  48  4:21  Baneling x3  
  50  4:26  Queen  
  50  4:29  Zergling x2  
  50  4:30  Baneling  
  52  4:34  Zergling x2  
  52  4:36  Drone  
  54  4:39  Drone, Overlord  
  54  4:41  Drone  
  54  4:43  Drone x2  
  54  4:44  Drone  
  54  4:45  Extractor  
  58  4:46  Drone  
  58  4:50  Drone  
  60  4:54  Drone x4  
  60  4:59  Overlord  
  63  5:09  Roach x3  
  63  5:10  Roach  
  63  5:12  Roach  
  72  5:16  Roach  
  72  5:20  Roach x2  
  72  5:21  Roach  
  80  5:26  Overlord x2  
  80  5:29  Roach  
  80  5:32  Overlord  
  82  5:44  Roach  
  82  5:45  Roach  
  82  5:46  Zergling x8  
  82  5:47  Zergling x2  
  82  5:49  Overlord  
  88  5:52  Roach  
  88  5:53  Roach  
  90  5:57  Roach  
  90  6:04  Roach x2  
  94  6:06  Spore Crawler  
  94  6:07  Drone, Spore Crawler  
  93  6:12  Roach  
  93  6:15  Spore Crawler  
  93  6:16  Drone  
  95  6:19  Zergling x8  
  95  6:20  Zergling x2  
  100  6:26  Spore Crawler  
  100  6:27  Spore Crawler, Roach x2  
  100  6:29  Ravager x2  
  100  6:30  Ravager  
  104  6:34  Ravager  
  104  6:35  Drone  
  104  6:36  Drone x2  
  108  6:41  Roach  
  110  6:47  Overlord  
  110  6:48  Roach  
  108  6:55  Zergling x2  
  108  6:56  Zergling x2  
  108  6:58  Roach  
  104  7:03  Roach  
  104  7:07  Queen x3  
  102  7:09  Roach  
  102  7:12  Zergling x2  
  103  7:16  Zergling x2  
  103  7:17  Zergling x2  
  103  7:21  Zergling x2, Extractor x2  
  99  7:24  Zergling x2  
  99  7:25  Zergling x2  
  99  7:29  Zergling x6  
  104  7:30  Zergling x4  
  104  7:31  Zergling x2  
  104  7:32  Zergling x6  
  104  7:33  Zergling x2  
  109  7:40  Zergling x2  
  109  7:43  Queen x2  
  114  7:44  Drone  
  114  7:46  Lair  
  114  7:48  Drone  
  114  7:50  Drone  
  115  7:54  Drone  
  115  7:57  Spore Crawler x2  
  114  7:59  Zergling x2  
  114  8:00  Spore Crawler, Zergling x4  
  114  8:04  Spore Crawler  
  114  8:05  Zergling x4  
  116  8:06  Spore Crawler  
  112  8:14  Zergling x4  
  112  8:15  Zergling x4  
  112  8:19  Zergling x2  
  109  8:20  Queen  
  109  8:24  Roach  
  97  8:31  Drone x2, Spore Crawler  
  77  8:36  Drone x2  
  77  8:37  Drone  
  77  8:40  Drone  
  80  8:41  Drone  
  80  8:43  Pneumatized Carapace  
  77  8:52  Spire  
  77  8:53  Drone  
  77  8:57  Zergling x2  
  77  8:59  Overlord  
  77  9:00  Extractor  
  77  9:02  Overlord  
  77  9:06  Overlord  
  77  9:09  Overlord  
  77  9:18  Overlord  
  77  9:23  Drone x4  
  80  9:25  Zergling x4  
  80  9:28  Overlord  
  82  9:34  Drone x2  
  80  10:06  Mutalisk x8  
  90  10:08  Mutalisk  
  91  10:14  Mutalisk  
  91  10:15  Mutalisk  
  91  10:18  Mutalisk  
  91  10:21  Mutalisk  
  95  10:24  Mutalisk  
  99  10:31  Mutalisk  
  99  10:32  Extractor  
  99  10:36  Extractor  
  99  10:41  Mutalisk  
  100  10:44  Mutalisk  
  100  10:46  Overlord  
  100  10:49  Hatchery  
  101  10:51  Overlord  
  101  10:56  Mutalisk  
  103  10:58  Overlord, Mutalisk  
  103  11:03  Drone x2  
  103  11:04  Drone x2  
  109  11:06  Mutalisk  
  112  11:11  Drone, Zergling x2  
  112  11:12  Drone  
  112  11:17  Mutalisk  
  116  11:20  Mutalisk  
  116  11:23  Mutalisk  

Tags
 
Add a new tag
Caveats
  • Supply blocks, unpowered buildings, or Contaminate may cause inaccurate times.
  • Supply counts are checked every 10 seconds.